 Dungeon Crawl Stone Soup version 0.31-a0-1083-g4fe0c3d (webtiles) character file.

Game seed: 16114260500735514906

119994 skewfiend the Earth Mage (level 16, -2/100 HPs)
             Began as a Gargoyle Earth Elementalist on Nov 4, 2023.
             Was a High Priest of Vehumet.
             Slain by a skeletal warrior
             ... wielding a +0 battleaxe
              (15 damage)
             ... on level 14 of the Dungeon on Nov 27, 2023.
             The game lasted 02:00:31 (29143 turns).

skewfiend the Earth Mage (GrEE)                    Turns: 29143, Time: 02:00:32

Health: -2/100     AC: 38    Str: 14    XL:     16   Next: 81%
Magic:  1/29       EV: 12    Int: 22    God:    Vehumet [*****.]
Gold:   1812       SH: 11    Dex: 10    Spells: 3/34 levels left

rFire   . . .        R - +8 trident of the Octopus King {venom, rElec rPois}
rCold   . . .        X - +0 buckler {rPois}
rNeg    + . .        k - +0 acid dragon scales
rPois   ∞            Q - +2 hat
rElec   +            K - +2 cloak
rCorr   +            w - +0 pair of gloves
SInv    .            y - +2 pair of boots {Stlth+}
Will    +....        F - amulet of reflection
Stlth   ++           H - +4 ring of protection
HPRegen 0.36/turn    D - +4 ring of protection
MPRegen 0.21/turn

%: reflection
@: about to teleport, flying
A: sickness immunity, AC +12, big wings, negative energy resistance 1,
electricity resistance, torment resistance 1, petrification resistance
a: Renounce Religion


You were on level 14 of the Dungeon.
You worshipped Vehumet.
Vehumet was extremely pleased with you.
You visited 4 branches of the dungeon, and saw 22 of its levels.
You also visited: Ossuary and Bailey.

You collected 2562 gold pieces.
You spent 750 gold pieces at shops.

Inventory:

Hand Weapons
 R - the +8 trident of the Octopus King (weapon) {venom, rElec rPois}
   (You found it on level 7 of the Dungeon)

   rElec:     It insulates you from electricity.
   rPois:     It protects you from poison
Missiles
 g - 9 stones
 i - 25 boomerangs
 o - 4 poisoned darts
 P - 8 curare-tipped darts
Armour
 k - +0 acid dragon scales (worn)
 p - a +0 tower shield
 w - a +0 pair of gloves (worn)
 y - a +2 pair of boots of stealth (worn)
 K - a +2 cloak (worn)
 Q - a +2 hat (worn)
 X - a +0 buckler of poison resistance (worn)
Jewellery
 D - a +4 ring of protection (right hand)
 F - an amulet of reflection (around neck)
 H - a +4 ring of protection (left hand)
Wands
 a - a wand of acid (3)
 b - a wand of iceblast (16)
 q - a wand of digging (8)
 u - a wand of charming (11)
 Y - a wand of polymorph (3)
Scrolls
 c - 2 scrolls of revelation
 d - a scroll of fog
 h - 2 scrolls of teleportation
 t - a scroll of fear
 x - 2 scrolls of silence
 A - 2 scrolls of blinking
 N - 6 scrolls of identify
Potions
 e - 9 potions of ambrosia
 f - a potion of heal wounds
 j - 10 potions of brilliance
 l - 10 potions of curing
 m - 5 potions of might
 n - 2 potions of berserk rage
 B - 4 potions of haste
 G - 2 potions of enlightenment
 J - a potion of invisibility
 U - 2 potions of cancellation
 W - 3 potions of resistance
Miscellaneous
 r - a lightning rod (4/4)


   Skills:
 + Level 11.3 Fighting
 + Level 7.7 Armour
 + Level 6.1 Dodging
 - Level 2.1 Stealth
 + Level 10.5 Shields
 + Level 9.6 Spellcasting
 * Level 15.4 Conjurations
 - Level 0.7 Transmutations
 * Level 4.1 Fire Magic
 * Level 17.2 Earth Magic


You had 3 spell levels left.
You knew the following spells:

 Your Spells              Type           Power      Damage    Failure   Level
a - Sandblast             Erth           100%       2d20      0%          1
b - Magic Dart            Conj           100%       1d8       0%          1
c - Stone Arrow           Conj/Erth      100%       3d13      1%          3
d - Brom's Barrelling Bo  Conj/Erth      70%        2d8       1%          4
e - Iskenderun's Battles  Conj           68%        2d12      1%          5
f - Lee's Rapid Deconstr  Erth           36%        3d18*     1%          5
g - Bombard               Conj/Erth      35%        9d6       1%          6
h - Starburst             Conj/Fire      26%        6d8       8%          6

Your spell library contained the following spells:

 Spells                   Type           Power      Damage    Failure   Level
 Fireball                 Conj/Fire      26%        3d12      1%          5
 Shock                    Conj/Air       100%       1d9       1%          1
 Passwall                 Tmut/Erth      41%        N/A       1%          2
 Hailstorm                Conj/Ice       44%        3d10      1%          3
 Mephitic Cloud           Conj/Pois/Air  33%        N/A       1%          3
 Freeze                   Ice            40%        1d6       3%          1
 Inner Flame              Hex/Fire       19%        N/A       3%          3
 Frozen Ramparts          Ice            20%        1d4       9%          3
 Necrotise                Necr           40%        1d6       11%         1
 Wereblood                Tmut           13%        N/A       12%         2
 Call Imp                 Summ           20%        N/A       16%         2
 Call Canine Familiar     Summ           10%        N/A       30%         3
 Ozocubu's Armour         Ice            10%        N/A       30%         3
 Sigil of Binding         Hex            10%        N/A       30%         3
 Swiftness                Air            10%        N/A       30%         3
 Tukima's Dance           Hex            10%        N/A       30%         3
 Vampiric Draining        Necr           10%        2d6       30%         3
 Flame Wave               Conj/Fire      52%        2d13      1%          4
 Iskenderun's Mystic Bla  Conj/Tloc      44%        2d10      1%          4
 Sticky Flame             Conj/Fire      52%        2d7       1%          4
 Petrify                  Tmut/Erth      50%        N/A       2%          4
 Leda's Liquefaction      Hex/Erth       24%        N/A       3%          4
 Arcjolt                  Conj/Air       22%        1d32      3%          5
 Irradiate                Conj/Tmut      23%        3d19      3%          5
 Borgnjor's Vile Clutch   Necr/Erth      24%        N/A       9%          5
 Conjure Ball Lightning   Conj/Air       22%        3x3d6     17%         6
 Airstrike                Air            5%         2d(1-17)  26%         4
 Dimensional Bullseye     Hex/Tloc       5%         N/A       71%         4
 Alistair's Intoxication  Tmut/Pois      8%         N/A       94%         5
 Agony                    Necr           10%        N/A       96%         5
 Metabolic Englaciation   Hex/Ice        5%         N/A       96%         5
 Eringya's Noxious Bog    Tmut/Pois      6%         4d6       96%         6
 Simulacrum               Ice/Necr       5%         N/A       100%        6
 Summon Hydra             Summ           5%         N/A       100%        7
 Sublimation of Blood     Necr           Unusable   N/A       N/A         2

Dungeon Overview and Level Annotations

Branches:
Dungeon (14/15)            Temple (1/1) D:7            Lair (5/5) D:8
 Shoals (0/4) Lair:3       Spider (0/4) Lair:2        Slime (0/5) Lair:4
    Orc (2/2) D:12            Elf (0/3) Orc:2       Ossuary (visited)
 Bailey (visited)
 Vaults: D:13-14

Altars:
Ashenzari
Cheibriados
Dithmenos
Elyvilon
Fedhas
Gozag
Hepliaklqana
Kikubaaqudgha
Makhleb
Nemelex Xobeh
Okawaru
Qazlal
Ru
Sif Muna
Trog
Uskayaw
Vehumet
Wu Jian
Xom
Yredelemnul
Zin
The Shining One
Jiyva

Shops:
Orc:2 *[:*!


Innate Abilities, Weirdness & Mutations

You are immune to sickness and miasma.
Your stone body is resilient. (AC +12)
You are immune to poison.
Your large and strong wings let you fly.
You resist negative energy. (rN+)
You are resistant to electric shocks. (rElec)
You are resistant to unholy torment.
You are immune to petrification.


Message History

You block the skeletal warrior's attack. x2
You hit the skeletal warrior.
The skeletal warrior is moderately damaged.
You block the skeletal warrior's attack.
You barely miss the skeletal warrior.
The skeletal warrior is moderately damaged.
The skeletal warrior hits you but does no damage.
You hit the skeletal warrior.
The skeletal warrior is moderately damaged.
You block the skeletal warrior's attack. x2
You hit the skeletal warrior.
The skeletal warrior is moderately damaged.
The skeletal warrior hits you but does no damage.
You closely miss the skeletal warrior.
The skeletal warrior is moderately damaged.
The skeletal warrior hits you but does no damage.
Casting: Lee's Rapid Deconstruction (safe; 1% risk of failure)
Confirm with . or Enter, or press ? or * to list all spells.
Aiming: Lee's Rapid Deconstruction (safe; 1% risk of failure)
Press: ? - help, Dir - move target, f - skeletal warrior Fragment what (e.g. wall or brittle monster)?: a skeletal warrior, wielding a +0 dire flail and quivering poisoned darts (moderately damaged)
The skeletal warrior shatters!!
The skeletal warrior is almost destroyed.
The blast of bone shards hits the skeletal warrior!
The skeletal warrior is almost destroyed.
The blast of bone shards hits the skeletal warrior.
The skeletal warrior is moderately damaged.
The skeletal warrior hits you with a +0 battleaxe!!
* * * LOW HITPOINT WARNING * * *
Unknown command.
As you read the scroll of teleportation, it crumbles to dust.
You feel strangely unstable.
You block the skeletal warrior's attack.
Unknown command.
You hit the skeletal warrior but do no damage.
The skeletal warrior is moderately damaged.
The skeletal warrior hits you with a +0 battleaxe.
* * * LOW HITPOINT WARNING * * *
The skeletal warrior hits you with a +0 battleaxe!
You die...

#####
###..#...##.....##...#
....#
#<.......##.#...(....#
###.#
#...........#.....)..#
..#.#
#.....#.....)#########
#.#.# #.....#......#
#<#.# #...#.......##
#.#.# #.........z.#
#...# #........#z##
##### #........#@#
#........### #####
###.....## ....#
#.....# ...## #...###
.### ##.# ..# ...#
..##


You could see 2 skeletal warriors.

Vanquished Creatures
  Louise (D:14)
  2 orc warlords (Orc:1)
  A fire dragon (D:12)
  An ettin (Orc:2)
  The ghost of wqsa789 the Cleaver, a journeyman GrFi of Gozag (Orc:2)
  6 hydras
  2 centaur warriors
  2 ogre magi (Orc:1)
  A boulder beetle (D:12)
  A merfolk avatar (Lair:5)
  4 two-headed ogres
  2 catoblepae
  A tengu warrior (D:12)
  5 death yaks
  Nergalle (D:11)
  2 skysharks
  A skeletal warrior (D:14)
  A sea snake (Lair:5)
  8 orc knights
  Pikel (D:7)
  A lindwurm (Lair:4)
  2 harpies (Lair:5)
  3 deep elf pyromancers
  A wolf spider (Lair:2)
  2 cyclopes
  3 ugly things
  7 orc sorcerers
  A cyclops (shapeshifter) (D:12)
  11 elephants
  Joseph (D:8)
  A black mamba (shapeshifter) (D:13)
  3 torpor snails
  7 black mambas
  A merfolk siren (Lair:3)
  2 gargoyles (D:13)
  11 cane toads
  2 unseen horrors
  9 rime drakes
  7 komodo dragons
  A meliai (D:12)
  3 trolls
  A queen bee (Orc:1)
  3 polar bears
  5 hornets
  25 blink frogs
  6 dream sheep
  A snapping turtle (Lair:5)
  4 slime creatures (D:13)
  3 shadows
  A centaur simulacrum (D:12)
  A vampire (D:13)
  2 wraiths
  4 wyverns
  33 yaks
  7 basilisks
  A redback (Lair:2)
  4 vampire mosquitoes (D:13)
  3 steam dragons (D:9)
  13 wargs
  An acid dragon (D:7)
  13 water moccasins
  6 ice beasts
  56 orc warriors
  A sky beast (D:7)
  6 ogres
  A black bear (D:4)
  A boggart (D:12)
  4 centaurs
  33 wolves
  2 phantoms (D:5)
  3 lemures (D:7)
  11 bullfrogs
  2 kobold brigands
  Blork the orc (D:4)
  2 gnoll sergeants
  A water moccasin zombie (Ossuary)
  3 scorpions
  12 wights
  25 killer bees
  13 howler monkeys
  3 electric eels
  5 centaur zombies (Ossuary)
  2 bullfrog zombies (Ossuary)
  4 hounds (D:6)
  3 jellies
  14 orc priests
  Crazy Yiuf (D:3)
  2 gnoll boudas
  15 orc wizards
  7 iguanas
  A scorpion zombie (Ossuary)
  An ogre zombie (Ossuary)
  Robin (D:4)
  8 adders
  21 gnolls
  A shadow imp (D:5)
  2 ufetubi (D:5)
  7 adder zombies (Ossuary)
  A worm (D:4)
  2 dart slugs
  102 orcs
  7 ball pythons
  9 bats
  9 endoplasms
  4 giant cockroaches
  24 goblins
  8 hobgoblins
  2 jackals (D:1)
  4 quokkas
  2 frilled lizards (D:2)
  3 gnoll zombies (Ossuary)
  2 goblin zombies (Ossuary)
  14 kobolds
  2 orc zombies (Ossuary)
  5 rats
  A butterfly (Lair:4)
736 creatures vanquished.

Vanquished Creatures (collateral kills)
  A wight (D:6)
  A gnoll (D:6)
  7 boulders
9 creatures vanquished.

Vanquished Creatures (others)
  A centaur simulacrum (D:12)
  A sky beast (D:8)
  A gnoll (D:6)
  4 boulders (D:6)
7 creatures vanquished.

Grand Total: 752 creatures vanquished

Notes
Turn   | Place    | Note
-------+----------+-------------------------------------------
     0 | D:1      | skewfiend the Gargoyle Earth Elementalist began the quest
                  | for the Orb.
     0 | D:1      | Reached XP level 1. HP: 10/10 MP: 3/3
   231 | D:1      | Reached skill level 4 in Earth Magic
   231 | D:1      | Reached XP level 2. HP: 16/16 MP: 1/5
   609 | D:1      | Reached skill level 1 in Fighting
   985 | D:1      | Reached XP level 3. HP: 20/20 MP: 4/6
   989 | D:1      | Learned a level 3 spell: Stone Arrow
  1570 | D:2      | Found an ornate altar of the Wu Jian Council.
  1903 | D:2      | Reached skill level 1 in Conjurations
  1909 | D:2      | Reached XP level 4. HP: 6/25 MP: 5/7
  2405 | D:3      | Found the amulet of Elemental Vulnerability {rPois rF--
                  | rC-- AC+8}
  2477 | D:3      | Found a faded altar of an unknown god.
  2635 | D:3      | Learned a level 4 spell: Brom's Barrelling Boulder
  2833 | D:3      | Found a burning altar of Makhleb.
  2865 | D:3      | Found a runed translucent door.
  2901 | D:3      | Noticed Crazy Yiuf
  2908 | D:3      | Killed Crazy Yiuf
  2909 | D:3      | Reached skill level 5 in Earth Magic
  2909 | D:3      | Reached XP level 5. HP: 8/30 MP: 3/8
  3534 | D:4      | Noticed Blork the orc
  4031 | D:4      | Killed Blork the orc
  4032 | D:4      | Reached XP level 6. HP: 36/36 MP: 5/10
  4106 | D:4      | Reached skill level 6 in Earth Magic
  4267 | D:4      | Found a white marble altar of Elyvilon.
  4329 | D:4      | Found a basalt altar of Yredelemnul.
  4406 | D:4      | Found a hazy altar of Hepliaklqana.
  4541 | D:4      | Noticed Robin
  4548 | D:4      | Killed Robin
  5001 | D:4      | Noticed a black bear
  5005 | D:4      | Killed a black bear
  5006 | D:4      | Reached XP level 7. HP: 41/41 MP: 3/11
  5093 | D:5      | Entered Level 5 of the Dungeon
  5291 | D:5      | Reached skill level 7 in Earth Magic
  5462 | D:5      | Reached skill level 5 in Conjurations
  5462 | D:5      | Reached XP level 8. HP: 48/48 MP: 7/13
  5794 | D:6      | Found a bloodstained altar of Trog.
  5993 | D:6      | Reached skill level 8 in Earth Magic
  6757 | D:6      | Upgraded the game from 0.31-a0-988-g08d55da to
                  | 0.31-a0-995-g04711c9
  6777 | D:6      | Reached XP level 9. HP: 52/52 MP: 2/15
  7482 | D:6      | Reached skill level 9 in Earth Magic
  7732 | D:7      | Found the +8 trident of the Octopus King {venom, rElec
                  | rPois}
  7931 | D:7      | Noticed Pikel
  8017 | D:7      | Killed Pikel
  8018 | D:7      | Reached skill level 5 in Fighting
  8018 | D:7      | Reached skill level 5 in Spellcasting
  8337 | D:7      | Found a staircase to the Ecumenical Temple.
  8346 | Temple   | Entered the Ecumenical Temple
  8547 | D:7      | Reached skill level 1 in Shields
  8646 | D:7      | Learned a level 1 spell: Magic Dart
  8787 | D:7      | Reached skill level 10 in Earth Magic
  9175 | D:8      | Noticed Joseph
  9197 | D:8      | Killed Joseph
  9198 | D:8      | Reached XP level 10. HP: 42/60 MP: 5/18
  9215 | D:8      | Found a sand-covered staircase.
  9221 | Ossuary  | Entered an ossuary
  9503 | D:8      | Found a radiant altar of Vehumet.
  9520 | D:8      | Became a worshipper of Vehumet
  9545 | D:8      | Found a flagged portal.
  9572 | Bailey   | Entered a bailey
  9888 | Bailey   | Noticed an orc sorcerer
  9889 | Bailey   | Paralysed by an orc sorcerer for 3 turns
  9892 | Bailey   | Noticed a rust devil
  9894 | Bailey   | Killed an orc sorcerer
  9894 | Bailey   | Reached * piety under Vehumet
  9894 | Bailey   | Offered knowledge of Shock by Vehumet.
  9895 | Bailey   | Reached skill level 11 in Earth Magic
 10184 | Bailey   | Identified the of Wamuh (You acquired it in a bailey)
 10184 | Bailey   | Acquired the Thoughts on the Fifth Circle
 10192 | Bailey   | Learned a level 5 spell: Iskenderun's Battlesphere
 10209 | Bailey   | Noticed an orc knight
 10213 | Bailey   | Killed an orc knight
 10306 | Bailey   | Found an iron altar of Okawaru.
 10321 | Bailey   | Noticed an orc sorcerer
 10331 | Bailey   | Killed an orc sorcerer
 10332 | Bailey   | Reached XP level 11. HP: 67/67 MP: 7/20
 10440 | D:8      | Reached skill level 10 in Conjurations
 10465 | D:8      | Acquired a book of the Earth
 10473 | D:8      | Learned a level 5 spell: Lee's Rapid Deconstruction
 10718 | D:8      | Reached ** piety under Vehumet
 10719 | D:8      | Offered knowledge of Freeze by Vehumet.
 10745 | D:8      | Reached skill level 12 in Earth Magic
 10916 | D:8      | Found a staircase to the Lair.
 11310 | D:9      | Offered knowledge of Searing Ray by Vehumet.
 11365 | IceCv    | Identified the "Ifranterph"
 11365 | Lair:1   | Entered Level 1 of the Lair of Beasts
 11373 | Lair:1   | Reached skill level 5 in Shields
 11727 | Lair:1   | Reached *** piety under Vehumet
 12366 | Lair:1   | Reached skill level 13 in Earth Magic
 12495 | Lair:1   | Reached XP level 12. HP: 66/73 MP: 22/22
 13101 | Lair:2   | Offered knowledge of Iskenderun's Mystic Blast by Vehumet.
 13169 | Lair:2   | Noticed a seven-headed hydra
 13203 | Lair:2   | Killed a seven-headed hydra
 13324 | Lair:2   | Noticed a six-headed hydra
 13335 | Lair:2   | Killed a six-headed hydra
 14061 | Lair:2   | Reached skill level 14 in Earth Magic
 14414 | Lair:2   | Found a hole to the Spider Nest.
 14516 | Lair:2   | Reached skill level 1 in Armour
 14884 | Lair:2   | Identified the +0 ring mail "Baga Guejaig" {Rampage}
 14903 | Lair:2   | Reached **** piety under Vehumet
 14942 | Lair:2   | Upgraded the game from 0.31-a0-995-g04711c9 to
                  | 0.31-a0-996-g3b49de5
 14946 | Lair:1   | Reached XP level 13. HP: 57/80 MP: 3/24
 15062 | Lair:2   | Offered knowledge of Fulminant Prism by Vehumet.
 15302 | Lair:2   | Upgraded the game from 0.31-a0-996-g3b49de5 to
                  | 0.31-a0-997-g9a2f3ff
 16068 | Lair:3   | Found a staircase to the Shoals.
 16488 | Lair:4   | Acquired a +2 pair of boots of stealth
 16612 | Lair:4   | Reached skill level 15 in Earth Magic
 16763 | Lair:4   | Reached ***** piety under Vehumet
 16763 | Lair:4   | Offered knowledge of Plasma Beam by Vehumet.
 16773 | Lair:4   | Learned a level 6 spell: Bombard
 17040 | Lair:4   | Found a viscous altar of Jiyva.
 17040 | Lair:4   | Found a staircase to the Slime Pits.
 17443 | Lair:5   | Entered Level 5 of the Lair of Beasts
 17506 | Lair:5   | Upgraded the game from 0.31-a0-997-g9a2f3ff to
                  | 0.31-a0-1001-g770356a
 18229 | Lair:4   | Upgraded the game from 0.31-a0-1001-g770356a to
                  | 0.31-a0-1005-gfbdfbac
 18424 | Lair:5   | Upgraded the game from 0.31-a0-1005-gfbdfbac to
                  | 0.31-a0-1009-g454b1f1
 18424 | Lair:5   | Upgraded the game from 0.31-a0-1009-g454b1f1 to
                  | 0.31-a0-1010-g5322dac
 18429 | Lair:5   | Reached skill level 10 in Fighting
 18561 | Lair:5   | Gained mutation: Your large and strong wings let you fly.
                  | [Gargoyle growth]
 18561 | Lair:5   | Reached XP level 14. HP: 88/88 MP: 9/26
 18712 | Lair:5   | Upgraded the game from 0.31-a0-1010-g5322dac to
                  | 0.31-a0-1083-g4fe0c3d
 19369 | Lair:5   | Offered knowledge of Ozocubu's Refrigeration by Vehumet.
 19546 | Lair:5   | Reached skill level 5 in Armour
 19685 | Lair:5   | Identified the +2 trident "Nazir" {freeze, *Slow rElec rF++
                  | Stlth+}
 19922 | D:9      | Reached skill level 16 in Earth Magic
 20097 | D:9      | Found a hide-covered altar of Uskayaw.
 20599 | D:10     | Entered Level 10 of the Dungeon
 21100 | D:10     | Found an ancient bone altar of Kikubaaqudgha.
 21161 | D:10     | Identified the ring "Zotem" {rN+ Dex+3}
 21410 | D:10     | Found an opulent altar of Gozag.
 21411 | D:10     | Found a glowing silver altar of Zin.
 21862 | D:11     | Noticed Nergalle
 21869 | D:11     | Killed Nergalle
 22310 | D:11     | Found an opulent altar of Gozag.
 22747 | D:12     | Found a hide-covered altar of Uskayaw.
 22747 | D:12     | Found a hide-covered altar of Uskayaw.
 23126 | D:12     | Found a staircase to the Orcish Mines.
 23720 | D:12     | Offered knowledge of Starburst by Vehumet.
 23771 | D:12     | Learned a level 6 spell: Starburst
 23948 | D:12     | Found an ornate altar of the Wu Jian Council.
 24101 | D:13     | Reached XP level 15. HP: 90/93 MP: 22/28
 24188 | D:13     | Reached skill level 1 in Fire Magic
 25059 | Orc:1    | Entered Level 1 of the Orcish Mines
 25113 | Orc:1    | Noticed an orc warlord
 25144 | Orc:1    | HP: 2/94 [orc warlord/+1 great mace of protection (14)]
 25146 | Orc:1    | Killed an orc warlord
 25437 | Orc:1    | Reached skill level 5 in Dodging
 25437 | Orc:1    | Reached skill level 15 in Conjurations
 26151 | Orc:2    | Entered Level 2 of the Orcish Mines
 26209 | Orc:2    | Noticed an orc warlord
 26241 | Orc:1    | Killed an orc warlord
 27021 | Orc:2    | Offered knowledge of Freezing Cloud by Vehumet.
 27050 | Orc:2    | Reached skill level 17 in Earth Magic
 27292 | Orc:2    | Found a large runed translucent door.
 27293 | Orc:2    | Found a large runed translucent door.
 27295 | Orc:2    | Noticed wqsa789's ghost (journeyman GrFi)
 27764 | Orc:2    | Found a staircase to the Elven Halls.
 27958 | Orc:2    | Found Oqun Tuimyn's Assorted Antiques.
 27958 | Orc:2    | Found Hulu's Book Boutique.
 28028 | Orc:2    | Bought a potion of curing for 75 gold pieces
 28028 | Orc:2    | Bought a potion of berserk rage for 125 gold pieces
 28148 | Orc:2    | Found Deishris's Distillery.
 28338 | Orc:2    | Found Ludusch's Antique Armour Emporium.
 28338 | Orc:2    | Found Fisuin's General Store.
 28353 | Orc:2    | Offered knowledge of Fireball by Vehumet.
 28454 | Orc:2    | Bought a potion of experience for 550 gold pieces
 28454 | Orc:2    | Reached skill level 10 in Shields
 28454 | Orc:2    | Reached XP level 16. HP: 100/100 MP: 29/29
 28734 | Orc:2    | Killed wqsa789's ghost
 29014 | D:14     | Noticed Louise
 29036 | D:14     | Killed Louise
 29143 | D:14     | Slain by a skeletal warrior

Illustrated notes

Levels and vault maps discovered:
D:1:      nicolae_arrival_somewhat_less_tricky_arrival, layout_basic,
          serial_aquarium, aquarium_bridge_square [aquarium_subvault_bridge,
          aquarium_subvault_balcony, aquarium_subvault_window,
          aquarium_subvault_wall], aquarium_window_1, aquarium_window_corner,
          aquarium_view_2a
D:2:      layout_basic, basic_altar
D:3:      layout_basic, nicolae_overflow_crystal_walls,
          shapermc_ecumenical_altar_starsandcircs, uniq_crazy_yiuf_cottage
D:4:      layout_basic, kennysheep_ying_yang,
          mainiacjoe_overflow_surrounded_room, uniq_blork_the_orc, uniq_robin
D:5:      layout_rooms, minmay_misc_feat_iff
D:6:      layout_basic, marbit_many_paths, hex_tiny
D:7:      layout_cave_pods, minmay_temple_entry_grid, uniq_pikel
D:8:      layout_cave_pools, fiery_altar_vehumet, hellmonk_lair_entry_icy,
          nicolae_ossuary_entry_plus, enter_bailey_2, uniq_joseph
D:9:      layout_cross, nicolae_uskayaw_murder_on_the_dancefloor
D:10:     layout_loops_ring, lemuel_crystal_altar,
          grunt_temple_overflow_gold_and_silver, chequers_serial_rivers_large_b,
          hangedman_decor_opposing
D:11:     layout_layer_cave, grunt_gozag_breadcrumbs, uniq_nergalle
D:12:     minmay_the_grid_octo_2x2 [minmay_the_grid_octo_vomiting_pacman,
          minmay_the_grid_octo_tetromino_candy, minmay_the_grid_octo_empty,
          minmay_the_grid_octo_prize_big_c], layout_irregular_city,
          minmay_orc_entry_temple_small, nzn_wu_jian_council_hall
D:13:     layout_roguey
D:14:     layout_cave_pools, grunt_vaults_entry_tiered,
          infiniplex_staircase_spiral_double, serial_shops,
          nicolae_take_the_stairs, uniq_louise, uniq_kirke
Temple:   nicolae_temple_ecumenical_triangle
Lair:1:   layout_small_grid
Lair:2:   layout_layer_cave, spider_nest_entry_funnel_web
Lair:3:   layout_misc_corridors, minmay_shoals_entry_lonely_mermaid,
          chequers_serial_rivers_micro_a, serial_bayou_lagoon_a
Lair:4:   layout_roguey, slime_entry_1, lemuel_fruit_fields
Lair:5:   gammafunk_lair_ancient_temple, layout_gridlike, serial_forest,
          infiniplex_forest_clump_medium, infiniplex_forest_lined_corner,
          infiniplex_forest_lined_room_, infiniplex_forest_end_2,
          infiniplex_forest_clump_double, infiniplex_forest_lined_corner,
          infiniplex_forest_straight_2, infiniplex_forest_lined_3_way
Orc:1:    hellmonk_paralyzer, layout_caves, basic_altar, special_room
          [special_room_bee]
Orc:2:    st_orc_town, layout_caves, serial_shops, nicolae_lakefront_shop,
          ebering_ghost_disaster_area, basic_altar

Skill      XL: |  1  2  3  4  5  6  7  8  9 10 11 12 13 14 15 16 |
---------------+-------------------------------------------------+-----
Earth Magic    | 4 5 6 7 8 10 11 13 14 15 16 17 | 17.2
Fighting       | 1 2 3 4 6 7 8 9 10 11 | 11.3
Conjurations   | 1 2 3 5 6 8 9 11 12 13 14 15 | 15.4
Spellcasting   | 3 4 5 6 7 8 9 |  9.6
Shields        | 2 4 6 7 8 9 10 | 10.5
Armour         | 1 4 5 7 |  7.7
Dodging        | 2 3 4 6 |  6.1
Fire Magic     | 3 4 |  4.1
Stealth        | |  2.1
Transmutations | |  0.7

Action                     |  1- 3 |  4- 6 |  7- 9 | 10-12 | 13-15 | 16-18 || total
---------------------------+-------+-------+-------+-------+-------+-------++-------
  Melee: Hand axe          |     2 |       |       |       |       |       ||     2
         Dagger            |       |     2 |    19 |       |       |       ||    21
         Trident           |       |       |    12 |   324 |   664 |    32 ||  1032
  Throw: Stone             |     3 |       |       |       |       |       ||     3
         Boomerang         |       |     1 |       |       |       |       ||     1
         Dart              |       |       |     1 |       |       |       ||     1
   Cast: Sandblast         |    54 |   105 |   133 |   148 |   239 |       ||   679
         Stone Arrow       |       |     2 |    17 |    56 |    67 |    11 ||   153
         Brom's Barrelling |       |       |    10 |     6 |     9 |       ||    25
         Magic Dart        |       |       |     9 |    34 |     9 |       ||    52
         Iskenderun's Batt |       |       |       |     7 |    20 |     3 ||    30
         Lee's Rapid Decon |       |       |       |    22 |    80 |     5 ||   107
         Bombard           |       |       |       |       |    28 |     4 ||    32
         Starburst         |       |       |       |       |     6 |     1 ||     7
  Evoke: Wand              |       |     1 |     7 |       |     2 |       ||    10
    Use: Potion            |     1 |     2 |       |       |     4 |       ||     7
         Scroll            |       |     2 |     8 |     9 |    16 |     1 ||    36
   Stab: Distracted        |       |       |       |       |     4 |       ||     4
         Sleeping          |       |       |       |       |     2 |       ||     2
 Armour: Robe              |    25 |    22 |    72 |   249 |       |       ||   368
         Acid dragon scale |       |       |       |   140 |   698 |    22 ||   860
  Dodge: Dodged            |    10 |    28 |    47 |   236 |   397 |    11 ||   729
  Block: Other             |       |       |    17 |       |       |       ||    17
         Kite shield       |       |       |    15 |   176 |       |       ||   191
         Reflection        |       |       |     6 |     1 |    26 |     2 ||    35
         Buckler           |       |       |       |   177 |   518 |    26 ||   721

Table legend: (Time is in decaauts)
 A = Elapsed time spent in this place.
 B = Non-inter-level travel time spent in this place.
 C = Inter-level travel time spent in this place.
 D = Time resting spent in this place.
 E = Time spent auto-exploring this place.
 F = Levels seen in this place.
 G = Mean time per level.
                   A        B        C        D        E       F      G
               +--------+--------+--------+--------+--------+-----+--------+
         Total |  29921 |  28234 |   1687 |   1887 |  19662 |  24 | 1246.7 |
       Dungeon |  16427 |  15403 |   1024 |    753 |  11917 |  14 | 1173.4 |
        Temple |     25 |      0 |     25 |      0 |      0 |   1 |   25.0 |
          Lair |   8734 |   8342 |    392 |    541 |   5908 |   5 | 1746.8 |
  Orcish Mines |   3515 |   3271 |    244 |    486 |   1676 |   2 | 1757.5 |
       Ossuary |    302 |    302 |      0 |      0 |      0 |   1 |  302.0 |
        Bailey |    916 |    916 |      0 |    106 |    160 |   1 |  916.0 |
               +--------+--------+--------+--------+--------+-----+--------+

Top non-repeatable levels by time:
  Lair:2: 2357 daAuts
   Orc:2: 2139 daAuts
     D:6: 1976 daAuts
  Lair:1: 1822 daAuts
  Lair:5: 1820 daAuts
    D:12: 1649 daAuts
  Lair:4: 1598 daAuts
     D:1: 1511 daAuts
     D:4: 1510 daAuts
     D:7: 1401 daAuts
   Orc:1: 1375 daAuts
    D:11: 1286 daAuts
     D:3: 1238 daAuts
  Lair:3: 1136 daAuts
     D:8: 1114 daAuts
